 Dungeon Crawl Stone Soup version 0.21-a0-50-g941c862 (webtiles) character file.

17569 KristoblXynda the Covert (level 11, -5/82 HPs)
             Began as a Demigod Artificer on June 11, 2017.
             Slain by a swamp worm (10 damage)
             ... on level 12 of the Dungeon.
             The game lasted 00:39:01 (14170 turns).

KristoblXynda the Covert (Demigod Artificer)       Turns: 14170, Time: 00:39:02

Health: -5/82      AC: 19    Str: 18    XL:     11   Next: 93%
Magic:  24/24      EV: 16    Int: 21    God:
Gold:   364        SH:  7    Dex: 20    Spells: 20/22 levels left

rFire    . . .     SeeInvis .   r - +5 short sword (venom)
rCold    + . .     Gourm    .   n - +1 buckler
rNeg     . . .     Faith    .   g - +3 leather armour {rC+}
rPois    .         Spirit   .   w - +1 hat
rElec    .         Reflect  .   Y - +0 cloak
rCorr    .         Harm     .   A - +1 pair of gloves
MR       +....                  (no boots)
Stlth    +++.......             G - amulet of regeneration
Regen    0.7/turn               d - +3 ring of strength
MPRegen  0.2/turn               t - +6 ring of protection

@: very slow
A: thin metallic scales 1, agile 1, blurry vision 1, clever 1, high mp 1,
screaming 1
a: no special abilities


You were on level 12 of the Dungeon.
You were not hungry.

You visited 2 branches of the dungeon, and saw 13 of its levels.
You also visited: Sewer and Ossuary.

You collected 699 gold pieces.
You spent 335 gold pieces at shops.

Inventory:

Hand Weapons
 o - a +0 rapier of speed
 r - a +5 short sword of venom (weapon)
Armour
 g - a +3 leather armour of cold resistance (worn)
 n - a +1 buckler (worn)
 w - a +1 hat (worn)
 A - a +1 pair of gloves (worn)
 K - the +2 chain mail of Uskayaw's Favour {Stlth+}
   (You found it on level 5 of the Dungeon)

   It makes you more stealthy.
 Y - a +0 cloak (worn)
Jewellery
 d - a +3 ring of strength (left hand)
 t - a +6 ring of protection (right hand)
 y - an uncursed ring of protection from fire
 G - an amulet of regeneration (around neck)
 Q - an uncursed ring of magical power
 U - an uncursed ring of protection from magic {unknown}
 V - an uncursed amulet of magic regeneration {unknown}
Wands
 C - a wand of paralysis (0/24)
 F - a wand of confusion (7/48)
 H - a wand of iceblast (1/15)
 R - a wand of disintegration (6/24)
Scrolls
 a - 9 scrolls of teleportation
 c - a scroll of immolation
 j - 6 scrolls of remove curse
 D - 3 scrolls of fog
 L - 3 scrolls of magic mapping
 M - 2 scrolls of fear
 O - 3 scrolls of blinking
 T - 2 scrolls of amnesia
Potions
 b - 2 potions of heal wounds
 i - 2 potions of mutation {unknown}
 k - 6 potions of flight
 l - a potion of invisibility
 m - 7 potions of curing
 p - 6 potions of might
 q - 6 potions of brilliance
 v - 6 potions of magic
 z - 3 potions of cancellation {unknown}
 B - 3 potions of lignification {unknown}
 E - 4 potions of haste
 J - 2 potions of ambrosia {unknown}
 S - a potion of berserk rage {unknown}
 Z - a potion of agility {unknown}
Books
 e - a book of Changes

   Spells                             Type                      Level
   a - Beastly Appendage              Transmutation                1
   b - Sticks to Snakes               Transmutation                2
   c - Spider Form                    Transmutation/Poison         3
   d - Ice Form                       Ice/Transmutation            4
   e - Blade Hands                    Transmutation                5
 s - a book of Minor Magic

   Spells                             Type                      Level
   a - Magic Dart                     Conjuration                  1
   b - Blink                          Translocation                2
   c - Call Imp                       Summoning                    2
   d - Slow                           Hexes                        2
   e - Conjure Flame                  Conjuration/Fire             3
   f - Mephitic Cloud                 Conjuration/Poison/Air       3
 u - a book of Callings

   Spells                             Type                      Level
   a - Summon Small Mammal            Summoning                    1
   b - Call Imp                       Summoning                    2
   c - Call Canine Familiar           Summoning                    3
   d - Summon Guardian Golem          Hexes/Summoning              3
   e - Summon Lightning Spire         Summoning/Air                4
   f - Summon Ice Beast               Ice/Summoning                4
 x - a Young Poisoner's Handbook

   Spells                             Type                      Level
   a - Sting                          Conjuration/Poison           1
   b - Poisonous Vapours              Poison/Air                   2
   c - Mephitic Cloud                 Conjuration/Poison/Air       3
   d - Olgreb's Toxic Radiance        Poison                       4
   e - Venom Bolt                     Conjuration/Poison           5
 I - a book of Flames

   Spells                             Type                      Level
   a - Flame Tongue                   Conjuration/Fire             1
   b - Throw Flame                    Conjuration/Fire             2
   c - Conjure Flame                  Conjuration/Fire             3
   d - Inner Flame                    Hexes/Fire                   3
   e - Sticky Flame                   Conjuration/Fire             4
   f - Fireball                       Conjuration/Fire             5
Miscellaneous
 W - a crystal ball of energy
 X - a lightning rod (4/4)
Comestibles
 f - 9 bread rations
 h - 6 royal jellies
 N - 3 meat rations
 P - 5 fruits


   Skills:
 + Level 3.6 Fighting
 - Level 5.0 Short Blades
 + Level 6.6 Armour
 - Level 5.5 Dodging
 - Level 10.0 Stealth
 - Level 5.6 Shields
 + Level 6.3 Spellcasting
 - Level 6.1 Conjurations
 - Level 6.0 Evocations


You had 20 spell levels left.
You knew the following spells:

 Your Spells              Type           Power        Failure   Level  Hunger
a - Throw Flame           Conj/Fire      ###...       4%          2    None


Dungeon Overview and Level Annotations

Branches:
Dungeon (12/15)            Temple (0/1) D:6            Lair (0/6) D:11
    Orc (1/2) D:9

Shops:
D:4 [   D:5 [   D:7 %   Orc:1 *

Annotations:
D:10 Duffy's ghost, journeyman OgFE
Orc:1 Gastronok


Innate Abilities, Weirdness & Mutations

You have an increased reservoir of magic. (+10% MP)
You are partially covered in thin metallic scales. (AC +2)
You are agile. (Dex +2)
Scrolls take you a little longer to read.
Your mind is acute. (Int +2)
You occasionally shout uncontrollably at your foes.


Message History

[Y]es or [N]o only, please.
Really read with blurry vision while enemies are nearby? [Y]es or [N]o only, please.
Really read with blurry vision while enemies are nearby? [Y]es or [N]o only, please.
Really read with blurry vision while enemies are nearby?
Okay, then.
You block the swamp worm's attack. The swamp worm bites you!
You block the swamp worm's attack. The swamp worm closely misses you. x2
The swamp worm bites you but does no damage.
The swamp worm bites you! You block the swamp worm's attack.
The swamp worm barely misses you. The swamp worm bites you.
* * * LOW HITPOINT WARNING * * *
Really read with blurry vision while enemies are nearby?
The swamp worm bites you!!
* * * LOW HITPOINT WARNING * * *
You begin reading the scroll.
You continue reading the scroll.
The swamp worm bites you!
You die...

## ≈### ≈≈≈##
#######≈≈≈#
##≈≈ww†#≈≈≈##
#$≈≈w@≈≈≈≈≈.#
##≈≈w≈≈#≈≈≈.#
≈#######≈≈≈.#
≈≈≈≈≈≈≈≈≈≈..#
#≈≈≈≈≈≈≈...## #
####....###### #.
##........#
#.########........#
#..........†..(...#


You could see 4 swamp worms.

Vanquished Creatures
  Kirke (D:12)
  A centaur warrior (D:11)
  5 two-headed ogres
  Nergalle (D:10)
  The ghost of yukitheduck the Cleaver, a novice NaCK of Xom (D:6)
  An ugly thing (D:12)
  An oklob plant (D:11)
  The ghost of Shenda the Spear-Bearer, a novice FoGl (D:8)
  2 cyclopes (D:11)
  Psyche (D:8)
  Maurice (D:12)
  A troll (D:9)
  A hippogriff (D:10)
  A vampire (D:9)
  6 yaks
  A wyvern (D:11)
  Grum (D:10)
  Menkaure (Ossuary)
  A hungry ghost (D:7)
  A hog (D:12)
  A swamp worm (D:12)
  Duvessa (D:4)
  8 orc warriors
  7 sky beasts
  2 phantoms
  A black bear (D:10)
  2 ice beasts
  3 wolves (D:10)
  9 ogres
  7 centaurs
  2 big kobolds
  6 bullfrogs
  A gnoll sergeant (D:6)
  A scorpion (D:10)
  3 killer bees (D:12)
  4 wights (D:10)
  A vampire bat (D:4)
  4 howler monkeys
  2 jellies
  2 bullfrog zombies (D:12)
  2 crimson imps
  2 quasits
  A centaur zombie (D:12)
  5 hounds
  6 orc priests
  9 orc wizards
  4 bullfrog skeletons
  Ijyb (D:5)
  6 iguanas
  4 worker ants
  2 killer bee zombies
  2 mummies (Ossuary)
  4 gnolls (D:6)
  A howler monkey skeleton (D:10)
  19 adders
  5 river rats (Sewer)
  An ooze (Sewer)
  An adder skeleton (D:3)
  13 worms
  A dart slug (D:2)
  3 leopard geckos
  69 orcs
  5 giant cockroaches
  4 gnoll zombies (Ossuary)
  5 goblins
  10 hobgoblins
  4 jackals
  8 quokkas
  10 ball pythons
  14 bats
  3 frilled lizards
  3 gnoll skeletons (Ossuary)
  2 goblin skeletons (Ossuary)
  3 hobgoblin zombies (Ossuary)
  12 kobolds
  2 kobold skeletons (Ossuary)
  3 kobold zombies (Ossuary)
  2 orc skeletons (Ossuary)
  4 orc zombies (Ossuary)
  27 rats
  A rat skeleton (Ossuary)
  2 rat zombies (Ossuary)
  A plant (D:11)
383 creatures vanquished.

Vanquished Creatures (collateral kills)
  Dowan (D:4)
  An adder (Sewer)
  A river rat (D:5)
  An ooze (Sewer)
  2 giant cockroaches (D:5)
  3 ball pythons (Sewer)
  3 rats
12 creatures vanquished.

Vanquished Creatures (others)
  A human (D:12)
  A sky beast (D:9)
  A mummy (Ossuary)
  2 river rats
  A worm (D:12)
  A gnoll zombie (Ossuary)
  5 goblin skeletons (Ossuary)
  2 goblin zombies (Ossuary)
  4 hobgoblin skeletons (Ossuary)
  2 hobgoblin zombies (Ossuary)
  3 kobold skeletons (Ossuary)
  2 orc skeletons (Ossuary)
  2 orc zombies (Ossuary)
  A rat skeleton (Ossuary)
  2 rat zombies (Ossuary)
  4 plants (D:12)
34 creatures vanquished.

Grand Total: 429 creatures vanquished

Notes
Turn   | Place    | Note
-------+----------+-------------------------------------------
     0 | D:1      | KristoblXynda the Demigod Artificer began the quest for the Orb.
     0 | D:1      | Reached XP level 1. HP: 15/15 MP: 5/5
   205 | D:1      | Reached skill level 1 in Stealth
   206 | D:1      | Reached skill level 1 in Short Blades
   572 | D:1      | Reached XP level 2. HP: 17/22 MP: 6/6
  1376 | D:2      | Reached XP level 3. HP: 17/27 MP: 8/8
  2509 | D:2      | Reached skill level 2 in Stealth
  2654 | D:3      | Reached XP level 4. HP: 32/34 MP: 9/9
  2960 | D:3      | Found an opulent altar of Gozag.
  3076 | D:3      | Noticed an ice beast
  3196 | D:3      | Reached XP level 5. HP: 28/39 MP: 10/10
  3796 | D:4      | Reached skill level 3 in Stealth
  3943 | D:4      | Noticed an ogre
  3958 | D:4      | Killed an ogre
  3958 | D:4      | Reached XP level 6. HP: 18/46 MP: 10/12
  4178 | D:4      | Found Pueco's Antique Armour Shoppe.
  4190 | D:4      | Bought a runed leather armour for 125 gold pieces
  4300 | D:4      | Noticed Duvessa
  4307 | D:4      | Noticed Dowan
  4319 | D:4      | Killed Dowan
  4355 | D:4      | Killed Duvessa
  4857 | D:5      | Entered Level 5 of the Dungeon
  5053 | D:5      | Reached skill level 4 in Stealth
  5053 | D:5      | Reached skill level 5 in Evocations
  5057 | D:5      | Gained mutation: You have a pair of small horns on your head. [mutagenic meat]
  5058 | D:5      | Gained mutation: You are agile. (Dex +2) [mutagenic meat]
  5060 | D:5      | Gained mutation: You occasionally shout uncontrollably at your foes. [mutagenic meat]
  5064 | D:5      | Gained mutation: You are dopey. (Int -2) [mutagenic meat]
  5073 | D:5      | Found a glowing drain.
  5088 | D:5      | Reached XP level 7. HP: 34/51 MP: 13/13
  5113 | Sewer    | Entered a sewer
  6036 | D:5      | Noticed Ijyb
  6053 | D:5      | Killed Ijyb
  6354 | D:5      | Reached skill level 5 in Short Blades
  6354 | D:5      | Reached skill level 5 in Stealth
  6447 | D:5      | Got a spiked chain mail
  6624 | D:5      | Found Hubups's Antique Armour Emporium.
  6720 | D:6      | Reached skill level 1 in Armour
  6750 | D:6      | Noticed yukitheduck's ghost (novice NaCK)
  6760 | D:6      | Found a sand-covered staircase.
  6812 | Ossuary  | Entered an ossuary
  7367 | Ossuary  | Noticed Menkaure
  7387 | Ossuary  | Killed Menkaure
  7387 | Ossuary  | Reached XP level 8. HP: 58/58 MP: 15/15
  7440 | Ossuary  | Identified the +2 chain mail of Uskayaw's Favour {Stlth+} (You found it on level 5 of the Dungeon)
  7548 | D:6      | Reached skill level 1 in Shields
  7558 | D:6      | Reached skill level 6 in Stealth
  7608 | D:6      | Killed yukitheduck's ghost
  7940 | D:6      | Found a staircase to the Ecumenical Temple.
  7948 | D:6      | Reached XP level 9. HP: 41/63 MP: 16/16
  7952 | D:6      | Gained mutation: Scrolls take you a little longer to read. [mutagenic meat]
  7953 | D:6      | Lost mutation: You are dopey. (Int -2) [mutagenic meat]
  7954 | D:6      | Gained mutation: Scrolls take you longer to read. [mutagenic meat]
  8032 | D:6      | Reached skill level 7 in Stealth
  8666 | D:7      | Found Zubios's Food Shop.
  8669 | D:7      | Bought a fruit for 21 gold pieces
  8737 | D:7      | Reached skill level 5 in Armour
  9118 | D:5      | Bought an embroidered hat for 189 gold pieces
  9168 | D:8      | Noticed Shenda's ghost (novice FoGl)
  9216 | D:8      | Noticed a two-headed ogre
  9224 | D:8      | Killed a two-headed ogre
  9224 | D:8      | Reached skill level 8 in Stealth
  9224 | D:8      | Reached skill level 5 in Shields
  9453 | D:8      | Noticed Psyche
  9459 | D:8      | Killed Psyche
  9459 | D:8      | Reached XP level 10. HP: 69/70 MP: 17/17
  9587 | D:8      | Learned a level 2 spell: Throw Flame
  9604 | D:8      | Killed Shenda's ghost
  9604 | D:8      | Reached skill level 1 in Fighting
 10388 | D:9      | Reached skill level 1 in Spellcasting
 10437 | D:9      | Found a staircase to the Orcish Mines.
 10445 | D:9      | Reached skill level 9 in Stealth
 10939 | D:9      | Reached skill level 1 in Conjurations
 11300 | Orc:1    | Entered Level 1 of the Orcish Mines
 11300 | Orc:1    | Found Xiamuobb's General Store.
 11307 | Orc:1    | Noticed Gastronok
 11334 | D:10     | Entered Level 10 of the Dungeon
 11740 | D:10     | Noticed Grum
 11741 | D:10     | Noticed a two-headed ogre
 11764 | D:10     | Killed a two-headed ogre
 11769 | D:10     | Killed Grum
 11913 | D:10     | Noticed Duffy's ghost (journeyman OgFE)
 11929 | D:10     | Noticed Nergalle
 11942 | D:10     | Killed Nergalle
 11950 | D:10     | Noticed a two-headed ogre
 11974 | D:10     | Killed a two-headed ogre
 11974 | D:10     | Reached skill level 10 in Stealth
 11974 | D:10     | Reached XP level 11. HP: 65/82 MP: 21/21
 12243 | D:10     | Noticed a two-headed ogre
 12256 | D:10     | Killed a two-headed ogre
 12488 | D:10     | You fall through a shaft!
 12488 | D:11     | Found a staircase to the Lair.
 12799 | D:11     | Reached skill level 5 in Spellcasting
 12954 | D:11     | Noticed a centaur warrior
 12973 | D:11     | Killed a centaur warrior
 12973 | D:11     | Reached skill level 5 in Conjurations
 13034 | D:11     | Gained mutation: You are partially covered in thin metallic scales. (AC +2) [mutagenic meat]
 13036 | D:11     | Lost mutation: Scrolls take you longer to read. [mutagenic meat]
 13037 | D:11     | Gained mutation: Your mind is acute. (Int +2) [mutagenic meat]
 13038 | D:11     | Lost mutation: You have a pair of small horns on your head. [mutagenic meat]
 13581 | D:12     | Reached skill level 5 in Dodging
 13731 | D:12     | Noticed Kirke
 13759 | D:12     | Noticed a sphinx
 13775 | D:12     | HP: 2/82 [Kirke (13)]
 13782 | D:12     | Killed Kirke
 13842 | D:12     | Noticed Maurice
 13848 | D:12     | Killed Maurice
 13940 | D:12     | Noticed a two-headed ogre
 13957 | D:12     | Killed a two-headed ogre
 14169 | D:12     | HP: 4/82 [swamp worm (20)]
 14170 | D:12     | Slain by a swamp worm

Vault maps used:
D:1:      shiori_arrival_oz
D:2:      minmay_tromino_v4_a
D:3:      grunt_gozag_statues, minmay_door_square, wad_orctagon
D:4:      serial_shops, nicolae_shop_crystal, kennysheep_minor_cross,
          roderic_batcave, grunt_decor_arrowhead, uniq_duvessa
D:5:      serial_shops, shop, first_bread, portal_sewer_entry_b, uniq_ijyb
D:6:      temple_doors_e, enter_ossuary_2
D:7:      serial_shops, kennysheep_mini_moat
D:8:      uniq_psyche
D:9:      david_orc_2
D:10:     uniq_nergalle, uniq_grum
D:11:     dpeg_oklobed_lair
D:12:     worms_lemuel, uniq_maurice, uniq_kirke
Orc:1:    basic_altar, serial_shops, shop, uniq_snorg, uniq_gastronok
Sewer:    sewer_minmay_w
Ossuary:  ossuary_due_pyramid

Skill      XL: |  1  2  3  4  5  6  7  8  9 10 11 |
---------------+----------------------------------+-----
Dodging        | 2 5 |  5.5
Stealth        | 1 2 3 4 5 6 8 10 | 10.0
Short Blades   | 1 2 3 4 5 |  5.0
Evocations     | 3 4 5 6 |  6.0
Armour         | 1 4 6 |  6.6
Shields        | 3 5 |  5.6
Fighting       | 3 |  3.6
Spellcasting   | 4 6 |  6.3
Conjurations   | 3 6 |  6.1

Action                   |  1- 3 |  4- 6 |  7- 9 | 10-12 || total
-------------------------+-------+-------+-------+-------++-------
Melee: Short sword       |   121 |   155 |   454 |   702 ||  1432
       Headbutt          |       |     1 |   113 |   127 ||   241
       Unarmed           |       |       |       |     5 ||     5
 Cast: Throw Flame       |       |       |       |     3 ||     3
Evoke: Wand              |     5 |     9 |    39 |    24 ||    77
  Use: Scroll            |       |     9 |    11 |    11 ||    31
       Potion            |       |       |     1 |     4 ||     5
 Stab: Sleeping          |     6 |     2 |     7 |     9 ||    24
       Paralysed         |       |       |     4 |     3 ||     7
       Distracted        |       |       |     2 |     1 ||     3
       Confused          |       |       |       |     2 ||     2
  Eat: Chunk             |     5 |     7 |     9 |    16 ||    37
       Bread ration      |       |     1 |       |       ||     1
       Fruit             |       |     2 |     1 |     3 ||     6
       Meat ration       |       |       |     2 |       ||     2
       Royal jelly       |       |       |     2 |       ||     2
Armor: Leather armour    |    25 |    56 |   161 |   188 ||   430
Dodge: Dodged            |    53 |   122 |   203 |   274 ||   652
Block: Buckler           |       |       |    22 |   182 ||   204
